 Dungeon Crawl Stone Soup version 0.29-a0-542-g075992c915 (webtiles) character file.

Game seed: 12461592930921481234

3350 bande the Martial Artist (level 10, -1/61 (73) HPs)
             Began as a Gnoll Wanderer on June 5, 2022.
             Was a Believer of Okawaru.
             Slain by a wight
             ... wielding a +0 short sword
              (7 damage)
             ... on level 8 of the Dungeon.
             The game lasted 00:17:59 (11722 turns).

bande the Martial Artist (Gnoll Wanderer)          Turns: 11722, Time: 00:18:00

HP:   -1/61 (73)    AC: 10    Str: 14    XL:     10   Next: 3%
MP:   20/20         EV:  5    Int: 16    God:    Okawaru [**....]
Gold: 496           SH:  5    Dex: 13    Spells: 22/23 levels left

rFire   . . .      SeeInvis .   r - +10 long sword of Wyrd {venom, Str+2}
rCold   + . .      Faith    .   c - +0 buckler
rNeg    . . .      Spirit   .   d - +0 plate armour
rPois   .          Reflect  .   (helmet restricted)
rElec   .          Harm     .   b - +0 cloak
rCorr   +          Rampage  .   (no gloves)
Will    .....                   D - +0 pair of boots
Stlth   ..........              x - amulet of the acrobat
HPRegen 0.20/turn               k - ring of protection from cold
MPRegen 0.17/turn               G - ring of resist corrosion

@: heavily drained
A: fangs 1, strong nose, distributed training, horns 1, clever 1, deformed body
a: Renounce Religion, Heroism


You were on level 8 of the Dungeon.
You worshipped Okawaru.
Okawaru was pleased with you.
You visited 2 branches of the dungeon, and saw 10 of its levels.

You collected 496 gold pieces.

Inventory:

Hand Weapons
 n - a +0 morningstar
 o - a +1 vampiric long sword
 r - the +10 long sword of Wyrd (weapon) {venom, Str+2}
   (You found it on level 4 of the Dungeon)

   It poisons the flesh of those it strikes.
   Str:       It affects your strength (+2).
 w - a +0 spectral war axe
 z - a +4 great sword of freezing
Missiles
 C - a throwing net
Armour
 b - a +0 cloak (worn)
 c - a +0 buckler (worn)
 d - a +0 plate armour (worn)
 f - a +4 ring mail
 p - a +0 helmet
 D - a +0 pair of boots (worn)
Jewellery
 k - a ring of protection from cold (left hand)
 x - an amulet of the acrobat (around neck)
 G - a ring of resist corrosion (right hand)
Wands
 u - a wand of iceblast (13)
 E - a wand of digging (14)
Scrolls
 e - 3 scrolls of fear
 g - 2 scrolls of fog
 q - 4 scrolls of magic mapping
 t - 2 scrolls of teleportation
 y - a scroll of blinking
Potions
 a - a potion of magic
 h - 2 potions of curing
 i - 5 potions of heal wounds
 j - a potion of resistance
 l - 2 potions of ambrosia
 m - 3 potions of brilliance
 s - 2 potions of might
 A - a potion of haste {unknown}


   Skills:
 + Level 4.8 Fighting
 + Level 4.8 Short Blades
 + Level 4.8 Long Blades
 + Level 4.8 Axes
 + Level 4.8 Maces & Flails
 + Level 4.8 Polearms
 + Level 4.8 Staves
 + Level 4.8 Slings
 + Level 4.8 Bows
 + Level 4.8 Crossbows
 + Level 4.8 Throwing
 + Level 6.7 Armour
 + Level 4.8 Dodging
 + Level 4.8 Stealth
 + Level 6.7 Shields
 + Level 8.2 Unarmed Combat
 + Level 7.0 Spellcasting
 + Level 4.0 Conjurations
 + Level 4.0 Hexes
 + Level 4.0 Summonings
 + Level 4.0 Necromancy
 + Level 4.5 Translocations
 + Level 4.0 Transmutations
 + Level 4.0 Fire Magic
 + Level 4.0 Ice Magic
 + Level 4.0 Air Magic
 + Level 4.0 Earth Magic
 + Level 4.0 Poison Magic
 + Level 5.3 Invocations
 + Level 4.8 Evocations


You had 22 spell levels left.
You knew the following spells:

 Your Spells              Type           Power      Damage    Failure   Level
a - Apportation           Tloc           40%        N/A       85%         1

Your spell library contained the following spells:

 Spells                   Type           Power      Damage    Failure   Level
 Freeze                   Ice            72%        1d9       90%         1
 Slow                     Hex            72%        N/A       90%         1
 Blink                    Tloc           40%        N/A       94%         2
 Poisonous Vapours        Pois/Air       36%        N/A       97%         2
 Sublimation of Blood     Necr           18%        N/A       97%         2
 Wereblood                Tmut           18%        N/A       97%         2
 Confusing Touch          Hex            18%        N/A       99%         3
 Dazzling Flash           Conj/Hex       36%        N/A       99%         3
 Frozen Ramparts          Ice            36%        1d5       99%         3
 Lesser Beckoning         Tloc           20%        N/A       99%         3
 Mephitic Cloud           Conj/Pois/Air  18%        N/A       99%         3
 Ozocubu's Armour         Ice            18%        N/A       99%         3
 Portal Projectile        Hex/Tloc       38%        N/A       99%         3
 Vampiric Draining        Necr           18%        2d7       99%         3
 Dispel Undead            Necr           18%        3d11      100%        4
 Hailstorm                Conj/Ice       18%        3d6       100%        4
 Agony                    Necr           18%        N/A       100%        5
 Manifold Assault         Tloc           20%        N/A       100%        5
 Silence                  Hex/Air        9%         N/A       100%        5
 Eringya's Noxious Bog    Tmut/Pois      9%         N/A       100%        6
 Orb of Destruction       Conj           9%         9d6       100%        7
 Ozocubu's Refrigeration  Ice            9%         4d6       100%        7
 Summon Guardian Golem    Hex/Summ       Unusable   N/A       N/A         3
 Animate Dead             Necr           Unusable   N/A       N/A         4
 Summon Forest            Summ/Tloc      Unusable   N/A       N/A         5
 Spellforged Servitor     Conj/Summ      Unusable   N/A       N/A         7
 Summon Hydra             Summ           Unusable   N/A       N/A         7

Dungeon Overview and Level Annotations

Branches:
Dungeon (9/15)             Temple (1/1) D:6
   Lair: D:8-11         Orc: D:9-12

Altars:
Ashenzari
Hepliaklqana
Kikubaaqudgha
Makhleb
Nemelex Xobeh
Okawaru
Qazlal
Ru
Trog
Uskayaw
Vehumet
Wu Jian
Xom
Yredelemnul
The Shining One

Shops:
D:2 [

Annotations:
D:6 2 transporters, croobank's ghost, novice OpTm


Innate Abilities, Weirdness & Mutations

You have very sharp teeth.
Your uncanny sense of smell can sniff out nearby items.
Your experience applies equally to all skills.
You have a pair of small horns on your head.
Your mind is acute. (Int +2)
Armour fits poorly on your strangely shaped body.


Message History

The wight hits you with a +3 morningstar.
You feel drained. You block the wight's attack.
The wight hits you but does no damage. You block the wight's attack.
The wight hits you but does no damage.
You hit the wight.
The wight is heavily damaged.
The wight hits you with a +0 long sword!
You feel drained.
The wight hits you with a +3 morningstar.
You feel drained.
The wight hits you with a +0 short sword.
You slash the wight!
You destroy the wight!
Okawaru accepts your kill.
The wight hits you with a +0 short sword.
* * * LOW HITPOINT WARNING * * *
You feel drained.
The wight hits you with a +0 long sword.
* * * LOW HITPOINT WARNING * * *
You feel drained.
* * * LOW HITPOINT WARNING * * *
The wight hits you with a +0 short sword.
* * * LOW HITPOINT WARNING * * *
You feel drained.
* * * LOW HITPOINT WARNING * * *
The wight hits you with a +0 long sword.
* * * LOW HITPOINT WARNING * * *
A mysterious force pulls you upwards. The hatch slams shut behind you.
You feel much better.
The wight hits you with a +0 long sword.
* * * LOW HITPOINT WARNING * * *
You block the wight's attack.
You hit the wight.
The wight is moderately damaged.
The wight hits you with a +0 long sword!
* * * LOW HITPOINT WARNING * * *
You feel drained.
* * * LOW HITPOINT WARNING * * *
The wight hits you with a +0 short sword!
You die...

......................#
.#.######..#.#..#..##.#
.#.# ##...#.#..#..##.# .#.#
#......#..#..##.# .#.#
##............#.# ##.#
##.##.##.##..#.# ##.#
#.##.##.##..#.# ...#
#.##...z....#.# ####
##+#####.@z....# ###
##...## #####.### ..#
##.....## #.# #.#
##.......## ##.##
..###.........####...##
....'.........'.......#####
..###.........####........#
...###.......## ##.......#
###.###.....## #..###..#


You could see 2 wights.

Vanquished Creatures
  2 steam dragons
  2 orc warriors (D:7)
  2 ice beasts
  An ogre (D:5)
  3 sky beasts
  3 centaurs
  2 kobold brigands
  A phantom (D:4)
  3 bullfrogs
  4 scorpions
  10 wights
  4 howler monkeys
  Crazy Yiuf (D:2)
  3 orc priests
  6 hounds
  2 jellies
  An iguana (D:6)
  Ijyb (D:5)
  3 orc wizards
  16 gnolls
  8 adders
  A shadow imp (D:7)
  A white imp (D:8)
  2 worms
  2 dart slugs
  19 orcs
  6 ball pythons
  4 endoplasms
  6 giant cockroaches
  4 goblins
  5 hobgoblins
  5 jackals
  A quokka (D:4)
  5 bats
  5 frilled lizards
  12 kobolds
  5 rats
161 creatures vanquished.

Notes
Turn   | Place    | Note
-------+----------+-------------------------------------------
     0 | D:1      | bande the Gnoll Wanderer began the quest for the Orb.
     0 | D:1      | bande set off with the following items: a +0 dagger, a
                  | potion of might, a +0 buckler, a +0 robe, 2 scrolls of
                  | fear; and the following spell memorised: Apportation; and
                  | the following spells available to memorise: Portal
                  | Projectile
     0 | D:1      | Reached XP level 1. HP: 13/13 MP: 6/6
   424 | D:1      | Reached XP level 2. HP: 17/19 MP: 7/7
   923 | D:1      | Found a faded altar of an unknown god.
   999 | D:2      | Found Arro's Antique Armour Boutique.
  1246 | D:2      | Reached skill level 5 in Spellcasting
  1246 | D:2      | Reached XP level 3. HP: 23/25 MP: 7/9
  1422 | D:2      | Reached skill level 1 in Invocations
  2056 | D:2      | Found a runed translucent door.
  2057 | D:2      | Noticed Crazy Yiuf
  2106 | D:2      | Reached skill level 1 in Fighting
  2106 | D:2      | Reached skill level 1 in Short Blades
  2106 | D:2      | Reached skill level 1 in Long Blades
  2106 | D:2      | Reached skill level 1 in Axes
  2106 | D:2      | Reached skill level 1 in Maces & Flails
  2106 | D:2      | Reached skill level 1 in Polearms
  2106 | D:2      | Reached skill level 1 in Staves
  2106 | D:2      | Reached skill level 1 in Slings
  2106 | D:2      | Reached skill level 1 in Bows
  2106 | D:2      | Reached skill level 1 in Crossbows
  2106 | D:2      | Reached skill level 1 in Throwing
  2106 | D:2      | Reached skill level 1 in Dodging
  2106 | D:2      | Reached skill level 1 in Stealth
  2106 | D:2      | Reached skill level 1 in Evocations
  2281 | D:2      | Killed Crazy Yiuf
  2282 | D:2      | Reached XP level 4. HP: 11/32 MP: 11/11
  2641 | D:3      | Reached skill level 1 in Conjurations
  2641 | D:3      | Reached skill level 1 in Hexes
  2641 | D:3      | Reached skill level 1 in Summonings
  2641 | D:3      | Reached skill level 1 in Necromancy
  2641 | D:3      | Reached skill level 1 in Transmutations
  2641 | D:3      | Reached skill level 1 in Fire Magic
  2641 | D:3      | Reached skill level 1 in Ice Magic
  2641 | D:3      | Reached skill level 1 in Air Magic
  2641 | D:3      | Reached skill level 1 in Earth Magic
  2641 | D:3      | Reached skill level 1 in Poison Magic
  3274 | D:3      | Reached XP level 5. HP: 36/37 MP: 12/12
  3580 | D:4      | Noticed a phantom
  3589 | D:4      | Killed a phantom
  3620 | D:4      | Found a bloodstained altar of Trog.
  3627 | D:4      | Reached XP level 6. HP: 44/44 MP: 13/13
  3965 | D:4      | Got Sif Muna's Almanac of Unholy Rites and Poisoning
  4135 | D:4      | Reached skill level 5 in Armour
  4135 | D:4      | Reached skill level 5 in Shields
  4732 | D:4      | Identified the +10 long sword of Wyrd {venom, Str+2}
  5010 | D:5      | Entered Level 5 of the Dungeon
  5128 | D:5      | Reached XP level 7. HP: 13/50 MP: 15/15
  5504 | D:5      | Reached skill level 7 in Unarmed Combat
  5917 | D:5      | Noticed Ijyb
  5926 | D:5      | Killed Ijyb
  6041 | D:6      | Found a staircase to the Ecumenical Temple.
  6066 | Temple   | Entered the Ecumenical Temple
  6072 | Temple   | Became a worshipper of Warmaster Okawaru
  6214 | D:6      | Reached XP level 8. HP: 57/57 MP: 16/16
  6224 | D:6      | Gained mutation: Your mind is acute. (Int +2) [potion of
                  | mutation]
  6224 | D:6      | Gained mutation: You have a pair of small horns on your
                  | head. [potion of mutation]
  6224 | D:6      | Gained mutation: Armour fits poorly on your strangely
                  | shaped body. [potion of mutation]
  6230 | D:6      | Noticed croobank's ghost (novice OpTm)
  6231 | D:6      | Found a transporter.
  6231 | D:6      | Found a transporter.
  6713 | D:7      | Reached * piety under Okawaru
  8075 | D:7      | Reached XP level 9. HP: 54/65 MP: 18/18
  8196 | D:7      | Reached ** piety under Okawaru
  9890 | D:7      | Reached skill level 8 in Unarmed Combat
 10581 | D:8      | Reached skill level 5 in Invocations
 11716 | D:9      | Reached XP level 10. HP: 48/70 MP: 20/20
 11719 | D:9      | HP: 2/63 [wight/+0 long sword (5)]
 11722 | D:8      | Slain by a wight

Illustrated notes

Levels and vault maps discovered:
D:1:      dpeg_arrival_boxorama, layout_basic,
          shapermc_ecumenical_altar_acropolis
D:2:      layout_loops_ring, serial_shops, shop, uniq_crazy_yiuf_cottage
D:3:      layout_loops_ring
D:4:      layout_loops_corners, nicolae_overflow_crystal_walls
D:5:      layout_basic, uniq_ijyb
D:6:      layout_rooms, minmay_temple_entry_ruins, gammafunk_ghost_smash,
          dreamdust_princess_bridge
D:7:      layout_basic, dreamdust_gnoll_farm
D:8:      layout_loops_corners
D:9:      layout_roguey, orc_0_dummy
Temple:   dpeg_three_leaves_temple

Skill      XL: |  1  2  3  4  5  6  7  8  9 |
---------------+----------------------------+-----
Translocations | 2 3 4 |  4.5
Spellcasting   | 5 6 7 |  7.0
Invocations    | 1 2 3 4 5 |  5.3
Fighting       | 1 2 3 4 |  4.8
Short Blades   | 1 2 3 4 |  4.8
Long Blades    | 1 2 3 4 |  4.8
Axes           | 1 2 3 4 |  4.8
Maces & Flails | 1 2 3 4 |  4.8
Polearms       | 1 2 3 4 |  4.8
Staves         | 1 2 3 4 |  4.8
Slings         | 1 2 3 4 |  4.8
Bows           | 1 2 3 4 |  4.8
Crossbows      | 1 2 3 4 |  4.8
Throwing       | 1 2 3 4 |  4.8
Dodging        | 1 2 3 4 |  4.8
Stealth        | 1 2 3 4 |  4.8
Evocations     | 1 2 3 4 |  4.8
Conjurations   | 1 2 3 4 |  4.0
Hexes          | 1 2 3 4 |  4.0
Summonings     | 1 2 3 4 |  4.0
Necromancy     | 1 2 3 4 |  4.0
Transmutations | 1 2 3 4 |  4.0
Fire Magic     | 1 2 3 4 |  4.0
Ice Magic      | 1 2 3 4 |  4.0
Air Magic      | 1 2 3 4 |  4.0
Earth Magic    | 1 2 3 4 |  4.0
Poison Magic   | 1 2 3 4 |  4.0
Armour         | 5 6 |  6.7
Shields        | 5 6 |  6.7
Unarmed Combat | 7 8 |  8.2

Action                   |  1- 3 |  4- 6 |  7- 9 | 10-12 || total
-------------------------+-------+-------+-------+-------++-------
Melee: Dagger            |   123 |       |       |       ||   123
       Bite              |    18 |    18 |    25 |       ||    61
       Hand axe          |    41 |    72 |       |       ||   113
       Long sword        |       |   103 |   240 |     4 ||   347
       Headbutt          |       |       |    24 |       ||    24
  Use: Scroll            |     4 |     7 |     8 |       ||    19
       Potion            |     3 |       |     3 |     1 ||     7
Armor: Ring mail         |    74 |    68 |       |       ||   142
       Plate armour      |       |     5 |   190 |     3 ||   198
Dodge: Dodged            |    71 |    85 |   110 |       ||   266
Block: Buckler           |    34 |    38 |    78 |     3 ||   153

Table legend: (Time is in decaauts)
 A = Elapsed time spent in this place.
 B = Non-inter-level travel time spent in this place.
 C = Inter-level travel time spent in this place.
 D = Time resting spent in this place.
 E = Time spent auto-exploring this place.
 F = Levels seen in this place.
 G = Mean time per level.
                   A        B        C        D        E       F      G
               +--------+--------+--------+--------+--------+-----+--------+
         Total |  11860 |  11700 |    160 |   3506 |   6366 |  10 | 1186.0 |
       Dungeon |  11847 |  11687 |    160 |   3506 |   6366 |   9 | 1316.3 |
        Temple |     12 |     12 |      0 |      0 |      0 |   1 |   12.0 |
               +--------+--------+--------+--------+--------+-----+--------+

Top non-repeatable levels by time:
     D:7: 2247 daAuts
     D:6: 1942 daAuts
     D:4: 1562 daAuts
     D:2: 1527 daAuts
     D:8: 1399 daAuts
     D:1: 1001 daAuts
     D:5: 1000 daAuts
     D:3: 986 daAuts
     D:9: 180 daAuts
  Temple: 12 daAuts
